[Event "*** Titled Tuesday Blitz"]
[Site "Chess.com"]
[Date "2020.05.12"]
[Round "5"]
[White "x-5963514717"]
[Black "moro182"]
[Result "0-1"]
[WhiteElo "2474"]
[BlackElo "2671"]
[TimeControl "180+1"]
[EndTime "10:55:34 PDT"]
[Termination "moro182 won on time"]

1. Nf3 d5 2. g3 Nf6 3. Bg2 c5 4. O-O e6 5. d4 Nc6 6. c4 dxc4 7. Ne5 Bd7 8. Na3 cxd4 9. Naxc4 Be7 10. Qb3 Qc7 11. Bf4 Nh5 12. Bxc6 Bxc6 13. Nxc6 Nxf4 14. Nxe7 Nxe2+ 15. Kg2 Kxe7 16. Rae1 Rhc8 17. Qb4+ Qc5 18. Qxb7+ Kf8 19. b3 Nc3 20. Re5 Qc6+ 21. Qxc6 Rxc6 22. a4 Rd8 23. Rc1 f6 24. Ra5 Rc7 25. f4 d3 26. Nd2 Rdc8 27. Kf3 f5 28. Re1 Kf7 29. Nc4 Rd8 30. Ke3 Rb7 31. Ra6 Rxb3 32. Rxa7+ Kg8 33.
Ne5 d2 34. Ra1 Nb1+ 35. Kf2 d1=Q 0-1

[Event "*** Titled Tuesday Blitz"]
[Site "Chess.com"]
[Date "2020.05.12"]
[Round "5"]
[White "PavlovDanila"]
[Black "VerdeNotte"]
[Result "0-1"]
[WhiteElo "2703"]
[BlackElo "2879"]
[TimeControl "180+1"]
[EndTime "10:55:35 PDT"]
[Termination "VerdeNotte won by resignation"]

1. e4 e5 2. Nf3 Nc6 3. Bb5 a6 4. Bxc6 dxc6 5. O-O Bd6 6. d4 exd4 7. Qxd4 f6 8. Re1 Ne7 9. Qc4 Ng6 10. Nc3 Qe7 11. Nd4 Bd7 12. Be3 Ne5 13. Qb3 O-O-O 14. Nf5 Bxf5 15. exf5 Qd7 16. Qe6 Qxe6 17. fxe6 Rhe8 18.
f4 Ng4 19. Ne4 Rxe6 20. Nxd6+ Rdxd6 21. Bf2 Nxf2 22. Kxf2 Rd2+ 23. Kf3 Rxe1 24. Rxe1 Kd7 25. Re2 Rxe2 26. Kxe2 Ke6 27. Kd3 Kf5 28. Ke3 Kg4 29.
c4 c5 30. Ke4 c6 31. a4 a5 32. b3 g6 33. f5 g5 34. Ke3 Kxf5 35. Kf3 g4+ 36. Ke3 Ke5 37. g3 f5 38. Kd3 f4 39.
Ke2 Ke4 40. gxf4 Kxf4 41. Kf2 h5 0-1

[Event "*** Titled Tuesday Blitz"]
[Site "Chess.com"]
[Date "2020.05.12"]
[Round "5"]
[White "AlexTriapishko"]
[Black "Shoytan"]
[Result "1-0"]
[WhiteElo "2768"]
[BlackElo "2581"]
[TimeControl "180+1"]
[EndTime "10:55:35 PDT"]
[Termination "AlexTriapishko won by resignation"]

1. e4 c5 2. Nf3 Nc6 3. d4 cxd4 4. Nxd4 Nf6 5. Nc3 e5 6. Ndb5 d6 7. Bg5 a6 8. Na3 b5 9. Nd5 Be7 10. Bxf6 Bxf6 11. c3 Bg5 12. Nc2 Ne7 13. Ncb4 Nxd5 14. Nxd5 O-O 15. a4 bxa4 16. Rxa4 a5 17. Bc4 Bd7 18. Ra2 a4 19. O-O Kh8 20. b3 axb3 21.
Rxa8 Qxa8 22. Nb6 Qc6 23. Nxd7 Qxd7 24. Qxb3 Qc7 25. Bd5 g6 26. g3 Rb8 27. Qa3 Kg7 28.
Kg2 Bd2 29. Rd1 Bg5 30. h4 Be7 31. Rd3 Qb6 32. Rf3 Rf8 33. Qa2 f5 34. Qa4 fxe4 35. Rxf8 Kxf8 36. Qd7 Qd8 37. Qe6 Kg7 38. Qf7+ Kh8 39.
Bxe4 Qf8 40. Qe6 Qf6 41. Qd7 Qf8 42. Bd5 Bd8 43. Qa7 Be7 44. c4 Qf6 45. Qd7 Qf8 46.
Qe6 Qf6 1-0

[Event "*** Titled Tuesday Blitz"]
[Site "Chess.com"]
[Date "2020.05.12"]
[Round "5"]
[White "SHIVACalypso"]
[Black "karinachess1"]
[Result "1-0"]
[WhiteElo "2313"]
[BlackElo "2443"]
[TimeControl "180+1"]
[EndTime "10:55:35 PDT"]
[Termination "SHIVACalypso won on time"]

1. Nf3 Nf6 2. c4 d6 3. g3 g6 4. Bg2 Bg7 5. O-O O-O 6. Nc3 c6 7. Rb1 e5 8. d3 h6 9. b4 Be6 10. b5 Nbd7 11. a4 d5 12. Ba3 Re8 13. bxc6 bxc6 14.
cxd5 Nxd5 15. Ne4 f5 16. Nd6 Nc3 17. Qc2 Nxb1 18. Rxb1 Bf8 19. Nxe8 Bxa3 20. Qc3 Bf8 21. Nxe5 Qxe8 22. Nxc6 Rc8 23. Qa5 Bc5 24. Nxa7 Bb6 25.
Qa6 Bxa7 26. Qxa7 Ne5 27. a5 Nf7 28. a6 Qa4 29. Qb6 Ba2 30. Qxg6+ Kf8 31. Rf1 Rd8 32.
Bb7 Rd6 33. Qxf5 1-0

[Event "*** Titled Tuesday Blitz"]
[Site "Chess.com"]
[Date "2020.05.12"]
[Round "5"]
[White "aquiles88"]
[Black "Xtrmntr78"]
[Result "1-0"]
[WhiteElo "2234"]
[BlackElo "2377"]
[TimeControl "180+1"]
[EndTime "10:55:35 PDT"]
[Termination "aquiles88 won on time"]

1. e4 e5 2. Nf3 d5 3. Nxe5 Bd6 4. d4 dxe4 5. Nc4 Be7 6. Be3 Nf6 7. Be2 O-O 8. Nc3 Nc6 9. O-O Nb4 10. Ne5 Nbd5 11. Nxd5 Nxd5 12. Bc1 f6 13. Ng4 f5 14. Ne5 Bd6 15. c4 Bxe5 16. dxe5 Nb4 17. Be3 Qe7 18. a3 Nc6 19. b4 Rd8 20. Qc1 Nd4 21. Bd1 h6 22.
Qb2 Qxe5 23. Ra2 Be6 24. Bb3 f4 25. Bxd4 Rxd4 26. c5 Re8 27. Bxe6+ Rxe6 28. Re1 Rg6 29. Raa1 f3 30. g3 Qe6 31. Qxd4 Qh3 32. Qc4+ 1-0

[Event "*** Titled Tuesday Blitz"]
[Site "Chess.com"]
[Date "2020.05.12"]
[Round "5"]
[White "PauloCesarCosta_sad"]
[Black "CroissantNeuf"]
[Result "0-1"]
[WhiteElo "2188"]
[BlackElo "2358"]
[TimeControl "180+1"]
[EndTime "10:55:35 PDT"]
[Termination "CroissantNeuf won on time"]

1. Nf3 Nf6 2. c4 e6 3. d4 c5 4. e3 d5 5. cxd5 exd5 6. Nc3 a6 7. Bd3 Nc6 8. O-O Bg4 9. dxc5 Bxc5 10. a3 O-O 11. b4 Ba7 12. h3 Bh5 13. Be2 Rc8 14. Bb2 Bb8 15. Nd4 Qd6 16. g3 Bg6 17. Bf3 Ne5 18. Bg2 Nc4 19. Qe2 Rfe8 20. Rac1 h5 21. h4 Rxe3 22. fxe3 Qxg3 23. Rf3 Qh2+ 24. Kf1 Bg3 25.
Ba1 Ng4 26. Nd1 Ncxe3+ 27. Nxe3 Rxc1+ 28. Nd1 Be4 29. Bc3 Bxf3 30. Nxf3 Rxd1+ 31. Qxd1 Ne3+ 0-1

[Event "*** Titled Tuesday Blitz"]
[Site "Chess.com"]
[Date "2020.05.12"]
[Round "5"]
[White "Riazantsev"]
[Black "babyking1205"]
[Result "0-1"]
[WhiteElo "2652"]
[BlackElo "2488"]
[TimeControl "180+1"]
[EndTime "10:55:36 PDT"]
[Termination "babyking1205 won by resignation"]

1. d4 Nf6 2. c4 c5 3. d5 b5 4. cxb5 a6 5. bxa6 Bxa6 6. Nc3 d6 7. Nf3 g6 8. e4 Bxf1 9. Kxf1 Bg7 10. g3 O-O 11.
Kg2 Qb6 12. Re1 Na6 13. Re2 Ng4 14. Bg5 h6 15. Bf4 g5 16. Bc1 Nc7 17. h4 f6 18. Qh1 Nb5 19. Qh3 Nxc3 20. bxc3 Ne5 21. Qe6+ Nf7 22. hxg5 fxg5 23. e5 Qa6 24. exd6 exd6 25.
Bd2 Rae8 26. Qxe8 Rxe8 27. Rxe8+ Kh7 28. Re7 Kg6 29. Rae1 Qd3 30. R7e6+ Bf6 31. c4 Qxc4 32. R1e3 Qxd5 33. Bc3 Ne5 34. Rxf6+ Kxf6 35. Bxe5+ dxe5 36. Rxe5 Qc6 37. g4 h5 38. Kg3 h4+ 39. Kg2 h3+ 40. Kg3 Qxf3+ 41. Kxf3 Kxe5 42. a4 c4 43. a5 Kd6 44.
Kg3 c3 45. Kxh3 c2 0-1

[Event "*** Titled Tuesday Blitz"]
[Site "Chess.com"]
[Date "2020.05.12"]
[Round "5"]
[White "csati17"]
[Black "Oligan22"]
[Result "1-0"]
[WhiteElo "2537"]
[BlackElo "2391"]
[TimeControl "180+1"]
[EndTime "10:55:37 PDT"]
[Termination "csati17 won by resignation"]

1. c4 e5 2. g3 d6 3. Nc3 f5 4. d4 Nf6 5. dxe5 dxe5 6. Qxd8+ Kxd8 7. Nf3 Nc6 8. Bg5 Be6 9. O-O-O+ Kc8 10. Nd5 Ne4 11.
Be3 Bd6 12. Bh3 h6 13. Nh4 Rf8 14. Ng6 Re8 15. Bg2 Nc5 16. b4 Bxd5 17. Rxd5 Nxb4 18.
Rxc5 Bxc5 19. Bxc5 a5 20. Rd1 Nxa2+ 21. Kb2 Nb4 22. Bh3 Ra6 23. Bxf5+ Kb8 24. Nxe5 b6 25.
Nd7+ Kb7 26. Be3 a4 27. Ra1 Ra5 28. Bh3 c5 29. Bg2+ Kc7 30. Ne5 Rxe5 31. Bf4 Kd6 32. Rd1+ Ke6 33. Bh3+ Kf6 34. Rd6+ Ke7 35. Bxe5 a3+ 36.
Kb3 a2 37. Rd7+ Ke8 38. Rd1 Nc6 39. Bd7+ Ke7 40. Bxc6 1-0

[Event "*** Titled Tuesday Blitz"]
[Site "Chess.com"]
[Date "2020.05.12"]
[Round "5"]
[White "Zmeeed63"]
[Black "ChronicUnhappiness"]
[Result "1-0"]
[WhiteElo "2191"]
[BlackElo "2327"]
[TimeControl "180+1"]
[EndTime "10:55:37 PDT"]
[Termination "Zmeeed63 won by checkmate"]

1. d4 Nf6 2. c4 e6 3. Nc3 Bb4 4.
f3 c5 5. d5 d6 6. e4 b5 7. Bg5 h6 8. Bh4 exd5 9. cxd5 a6 10. a3 Ba5 11. Ne2 Nbd7 12. Bg3 Ne5 13. Qb1 O-O 14. Bxe5 dxe5 15. b4 cxb4 16. axb4 Bb6 17.
Nxb5 Bd7 18. Nbc3 Qc7 19. Qd3 Rfc8 20. g4 Bb5 21. Nxb5 axb5 22. Rd1 Ra2 23. h4 Ba7 24. g5 Qb6 25. Rh2 hxg5 26. hxg5 Ne8 27. g6 Nd6 28. gxf7+ Kxf7 29. f4 Nc4 30. d6 Ra3 31.
Qd5+ Kf6 32. fxe5+ Nxe5 33. Nd4 Re3+ 34. Be2 Rcc3 35.
Qe6+ Kg5 36. Qf5# 1-0

[Event "*** Titled Tuesday Blitz"]
[Site "Chess.com"]
[Date "2020.05.12"]
[Round "5"]
[White "AwesomeMango"]
[Black "Isajevsky_Anton"]
[Result "1-0"]
[WhiteElo "2246"]
[BlackElo "2384"]
[TimeControl "180+1"]
[EndTime "10:55:38 PDT"]
[Termination "AwesomeMango won by checkmate"]

1. e4 c5 2. Nf3 d6 3. Bb5+ Nd7 4. O-O a6 5. Bd3 b6 6. c3 Bb7 7. Bc2 Rc8 8. d4 Qc7 9. Bd3 Ngf6 10. Re1 e6 11. d5 e5 12. a4 Be7 13. b3 O-O 14. Nh4 g6 15. Nf3 Ne8 16. Bh6 Ng7 17. c4 Nf6 18. h3 Kh8 19. a5 Ng8 20. axb6 Qxb6 21.
Bd2 f5 22. Ba5 Qa7 23. b4 cxb4 24. Bxb4 fxe4 25. Rxe4 Nf6 26. Re1 e4 27. Nc3 exd3 28. Rxe7 Rxc4 29. Qb3 Rf4 30. Bxd6 Rxf3 31. gxf3 Qd4 32.
Qxb7 Qxc3 33. Rf1 d2 34. Rxg7 Qxf3 35. Bxf8 d1=Q 36. Rxh7+ Kg8 37. Qg7# 1-0

[Event "*** Titled Tuesday Blitz"]
[Site "Chess.com"]
[Date "2020.05.12"]
[Round "5"]
[White "bascheyaro"]
[Black "FedaMaster"]
[Result "1-0"]
[WhiteElo "2709"]
[BlackElo "2538"]
[TimeControl "180+1"]
[EndTime "10:55:39 PDT"]
[Termination "bascheyaro won on time"]

1. d4 Nf6 2. c4 c5 3. Nf3 cxd4 4. Nxd4 Nc6 5. Nc3 d6 6. g3 Bd7 7. Bg2 g6 8. O-O Bg7 9. e3 O-O 10. b3 a6 11. Bb2 Qa5 12. Qd2 Rfc8 13. Rfd1 Rab8 14. Rac1 Qh5 15. f3 Qa5 16. h3 Nxd4 17. exd4 b5 18. Ne2 Qxa2 19. Rc3 Qa5 20. Ra1 Qb6 21.
c5 dxc5 22. dxc5 Rxc5 23. Rxa6 Qxa6 24. Rxc5 Be6 25. b4 Bc4 26. Nf4 h5 27. h4 Qa2 28. Qc1 Qb3 29. Be5 Re8 30. Qd2 Nh7 31. Bxg7 Kxg7 32. Nxh5+ gxh5 33. Rxh5 Rh8 34. Qh6+ Kg8 35.
Rc5 Qb1+ 36. Kh2 Nf8 37. Qe3 f6 38. Qxe7 Qg6 39. Rc8 Qg7 40. Qd6 Qf7 41. Bh3 f5 42. Rc7 1-0

[Event "*** Titled Tuesday Blitz"]
[Site "Chess.com"]
[Date "2020.05.12"]
[Round "5"]
[White "XDPS"]
[Black "SlovenskiZmaj"]
[Result "1-0"]
[WhiteElo "2689"]
[BlackElo "2524"]
[TimeControl "180+1"]
[EndTime "10:55:39 PDT"]
[Termination "XDPS won by checkmate"]

1. d4 d6 2. e4 Nf6 3. Nd2 e5 4.
c3 Nc6 5. Ngf3 g6 6. Bb5 Bd7 7. O-O Qe7 8. Re1 Bg7 9. Nc4 Nh5 10. Ne3 O-O 11. Nd5 Qd8 12. Bg5 f6 13. Be3 Kh8 14. h3 a6 15. Bf1 Ne7 16. dxe5 Nxd5 17. Qxd5 Bc6 18. Qc4 fxe5 19. Ng5 Qe7 20. Ne6 Rfe8 21. Nxg7 Qxg7 22. g3 Bb5 23. Qb3 Bxf1 24. Rxf1 b6 25. Qd5 Qd7 26. Bh6 Qxh3 27. Bg5 Qd7 28. Kg2 c6 29.
Qd2 Kg8 30. Rh1 Rf8 31. f3 Rf7 32. Raf1 Re8 33. Qe3 d5 34. Rd1 Ref8 35. Rhf1 Qe6 36.
Bh6 Re8 37. Qxb6 dxe4 38. fxe4 Rxf1 39. Rxf1 Qg4 40. Qe3 Re6 41. Rf8# 1-0

[Event "*** Titled Tuesday Blitz"]
[Site "Chess.com"]
[Date "2020.05.12"]
[Round "5"]
[White "Jumbo"]
[Black "MathiasWomacka"]
[Result "1-0"]
[WhiteElo "2822"]
[BlackElo "2437"]
[TimeControl "180+1"]
[EndTime "10:55:39 PDT"]
[Termination "Jumbo won on time"]

1. d4 Nf6 2. Bf4 c5 3. e3 e6 4.
c3 d5 5. Nd2 Bd6 6. Bg3 O-O 7. Ngf3 Qc7 8. Rc1 Nbd7 9. c4 Ne4 10.
cxd5 Nxg3 11. hxg3 Bxg3 12. Ne4 Qa5+ 13. Qd2 Qxd2+ 14. Nfxd2 Bb8 15. dxe6 fxe6 16. dxc5 Nf6 17. Bc4 Be5 18. b4 Nd5 19. Nf3 Bb2 20. Rb1 Ba3 21.
b5 a6 22. bxa6 bxa6 23. Ke2 a5 24. Nd4 Bd7 25. c6 Bc8 26. Rb5 Ra7 27. Rb8 Ba6 28.
Rxf8+ Bxf8 29. Bxa6 Rxa6 30. Rc1 e5 31. Nb5 Ra8 32.
c7 Rc8 33. a4 Kf7 34. Ned6+ Bxd6 35. Nxd6+ 1-0

[Event "*** Titled Tuesday Blitz"]
[Site "Chess.com"]
[Date "2020.05.12"]
[Round "5"]
[White "ZeZacarias"]
[Black "Nara_Kh"]
[Result "0-1"]
[WhiteElo "2053"]
[BlackElo "2309"]
[TimeControl "180+1"]
[EndTime "10:55:39 PDT"]
[Termination "Nara_Kh won on time"]

1. d4 d6 2. c4 g6 3. Nc3 Bg7 4. e4 Nf6 5. Nf3 O-O 6. h3 c5 7.
d5 a6 8. a4 e6 9. Be2 exd5 10.
cxd5 Re8 11. Nd2 Nbd7 12. O-O Ne5 13. f4 Ned7 14. Qc2 b6 15. Nc4 Nf8 16. Bf3 Bb7 17. b3 Nh5 18. Bxh5 gxh5 19. Bb2 Ng6 20. Rae1 h4 21. Nd1 b5 22. Bxg7 Kxg7 23. Nce3 Qf6 24.
Nf5+ Kh8 25. Kh1 Ne7 26. Nxe7 Rxe7 27. Ne3 Rg8 28. Ng4 Qg7 29. e5 Bxd5 30. exd6 Rxe1 31. Rxe1 h5 32. Ne3 Bc6 33. f5 Qe5 34. Qd2 Re8 35. Nc2 Bxg2+ 36. Kxg2 Rg8+ 0-1

[Event "*** Titled Tuesday Blitz"]
[Site "Chess.com"]
[Date "2020.05.12"]
[Round "5"]
[White "ajian"]
[Black "Charlottemillard17"]
[Result "1-0"]
[WhiteElo "2368"]
[BlackElo "1402"]
[TimeControl "180+1"]
[EndTime "10:55:39 PDT"]
[Termination "ajian won by checkmate"]

1. d4 Nf6 2. c4 c6 3. Nf3 d5 4. e3 e6 5. Bd3 Be7 6. O-O O-O 7. Nbd2 Nbd7 8. Qc2 Re8 9. b3 Nf8 10. Bb2 Ng6 11. Rad1 Qc7 12. h3 Bd7 13. Rfe1 Qd6 14. Ne5 Bd8 15. f4 Bc7 16. Qc1 Nh5 17. Ba3 c5 18.
Bxc5 Qa6 19. Nxd7 b6 20. cxd5 Qc8 21. d6 Qxd7 22. dxc7 bxc5 23. Qxc5 Rec8 24. Qxh5 Rxc7 25. Ne4 Qc6 26. Ng5 Qd5 27. Qxh7+ Kf8 28. Be4 Qa5 29.
Bxa8 Ke7 30. Qxg7 Rc8 31. Qxf7+ Kd6 32. Nxe6 Rxa8 33. Qxg6 Qxa2 34. Nc5+ Kc7 35. Qf7+ Kc6 36. Qb7+ Kd6 37. Qd7# 1-0

[Event "*** Titled Tuesday Blitz"]
[Site "Chess.com"]
[Date "2020.05.12"]
[Round "5"]
[White "sergeikim"]
[Black "Escanor89"]
[Result "1-0"]
[WhiteElo "2424"]
[BlackElo "2560"]
[TimeControl "180+1"]
[EndTime "10:55:40 PDT"]
[Termination "sergeikim won on time"]

1. d4 Nf6 2. c4 g6 3. Nc3 Bg7 4. e4 d6 5. Nge2 O-O 6. Ng3 c5 7. d5 e6 8. Be2 exd5 9. cxd5 a6 10.
a4 Nbd7 11. O-O Re8 12. Bf4 Ne5 13. Qd2 Rb8 14. Bh6 Bh8 15. h3 Ned7 16. f4 Qa5 17. e5 dxe5 18. f5 Qb4 19. Kh2 Qd4 20. Qg5 e4 21.
Rad1 Qe5 22. d6 b6 23. Bc4 Nf8 24.
Nd5 b5 25. Ne7+ Rxe7 26. dxe7 Qxe7 27. fxg6 hxg6 28. axb5 axb5 29. Nh5 bxc4 30. Nxf6+ Bxf6 31. Rxf6 Be6 32. Bxf8 Kxf8 33. Rdf1 Ke8 34. Qe5 1-0

[Event "*** Titled Tuesday Blitz"]
[Site "Chess.com"]
[Date "2020.05.12"]
[Round "5"]
[White "Klavdia_Nik"]
[Black "annamaja"]
[Result "0-1"]
[WhiteElo "2076"]
[BlackElo "2312"]
[TimeControl "180+1"]
[EndTime "10:55:40 PDT"]
[Termination "annamaja won on time"]

1. Nf3 Nf6 2. c4 e6 3. b3 Be7 4. Bb2 O-O 5. g3 b6 6. Bg2 Bb7 7. O-O c5 8. d4 d6 9. Nc3 Nbd7 10.
e3 Ne4 11. Nxe4 Bxe4 12. Qe2 Qc7 13. Rac1 Qb7 14. Rfd1 Nf6 15. Ne1 Bxg2 16. Nxg2 Qe4 17. f3 Qg6 18. e4 cxd4 19. Bxd4 e5 20. Be3 Nd7 21. Rd2 f5 22. exf5 Qxf5 23. f4 e4 24. Rd5 Qf7 25. Bd4 Rae8 26. Qxe4 Bf6 27. Qd3 Bxd4+ 28.
Qxd4 Nf6 29. Rxd6 Re2 30. Rf1 Rxa2 31. Rd8 h6 32. Rxf8+ Qxf8 33. h3 Qa8 34. Rf2 Ra3 35. b4 Rxg3 36. Kh2 Rf3 37. Rxf3 Qxf3 38. Qd8+ Kh7 39. Qe7 Ne4 0-1

[Event "*** Titled Tuesday Blitz"]
[Site "Chess.com"]
[Date "2020.05.12"]
[Round "5"]
[White "MateSchmate"]
[Black "albi1999"]
[Result "1-0"]
[WhiteElo "2420"]
[BlackElo "2546"]
[TimeControl "180+1"]
[EndTime "10:55:41 PDT"]
[Termination "MateSchmate won by resignation"]

1. e4 c5 2. Nf3 Nc6 3. d4 cxd4 4. Nxd4 Nf6 5. Nc3 d6 6. Bg5 e6 7. Be2 a6 8. O-O Be7 9. a4 O-O 10. Kh1 h6 11. Be3 Bd7 12. f4 Rc8 13. Nb3 Qc7 14. g4 d5 15. e5 Ne4 16. Nxe4 dxe4 17. c3 f6 18. exf6 Bxf6 19. Nc5 Rcd8 20. Nxd7 Rxd7 21.
Qb3 Re8 22. Rad1 Kh8 23. Qb6 Qxb6 24. Bxb6 Rxd1 25. Rxd1 Bd8 26. Be3 Bc7 27. Rd7 Re7 28. Rxe7 Nxe7 29. c4 Ng6 30. f5 exf5 31. gxf5 Ne7 32. f6 gxf6 33. Bxh6 Kh7 34. Bd2 Kg6 35. Kg2 f5 36. c5 f4 37. Bd1 f3+ 38. Kg1 Be5 39. b4 Nd5 40. Bc2 Kf5 41. h4 Bf4 42.
Bxf4 Kxf4 43. b5 axb5 44. axb5 Kg3 45. Bxe4 f2+ 46. Kh1 Ne3 47. Bd3 Kxh4 48. c6 bxc6 49. b6 Nf5 50. b7 Kh3 51. Bxf5+ 1-0

[Event "*** Titled Tuesday Blitz"]
[Site "Chess.com"]
[Date "2020.05.12"]
[Round "5"]
[White "Parkas"]
[Black "krstulov_alex"]
[Result "1-0"]
[WhiteElo "2412"]
[BlackElo "2538"]
[TimeControl "180+1"]
[EndTime "10:55:41 PDT"]
[Termination "Parkas won by resignation"]

1. e4 c6 2. d4 d5 3. f3 e6 4.
Nc3 Qb6 5. Nge2 Nf6 6. Qd3 Be7 7.
Bg5 Qxb2 8. Rb1 Qa3 9. Bxf6 Bxf6 10. Nxd5 Bh4+ 11. g3 Qxd3 12. cxd3 cxd5 13. gxh4 Nc6 14. h5 O-O 15. h6 g6 16. h4 Rd8 17. e5 b6 18. Rc1 Bb7 19. h5 Rac8 20. hxg6 fxg6 21. Bh3 Kf7 22. Kd2 Ke7 23. a3 Rf8 24. Ke3 Rf7 25. Bg4 Rcf8 26. Rc3 Kd7 27. Rhc1 a6 28. Ng1 b5 29. Nh3 Re7 30. Ng5 Rh8 31. Nxe6 Rxe6 32. Bxe6+ Kxe6 33. Rxc6+ Bxc6 34. Rxc6+ Kd7 35. Rd6+ Kc7 36. Rxd5 Rb8 37. e6 a5 38. Rd7+ Kc6 39.
d5+ Kc5 40. e7 b4 41. axb4+ axb4 42. Rd8 1-0

[Event "*** Titled Tuesday Blitz"]
[Site "Chess.com"]
[Date "2020.05.12"]
[Round "5"]
[White "Skatchkov_V"]
[Black "eightbyeightchess"]
[Result "1-0"]
[WhiteElo "2552"]
[BlackElo "2395"]
[TimeControl "180+1"]
[EndTime "10:55:41 PDT"]
[Termination "Skatchkov_V won by checkmate"]

1. d4 d5 2. c4 c6 3. Nf3 Nf6 4. Nc3 dxc4 5. a4 Bf5 6. Ne5 Nbd7 7.
Nxc4 Qc7 8. Qd2 e6 9. Qf4 Qxf4 10. Bxf4 Bb4 11. Nd6+ Ke7 12. Nxf5+ exf5 13. f3 Rhe8 14. Bd2 Kf8 15. e3 c5 16. Kf2 cxd4 17.
exd4 Nb6 18. Bd3 Rad8 19. Bxf5 Rxd4 20. Be3 Rdd8 21. Rad1 Nc4 22. Bxa7 Nxb2 23. Rxd8 Rxd8 24. Ne4 Nxe4+ 25. Bxe4 Rd2+ 26. Kg3 Bd6+ 27. Kh3 Nc4 28.
Bxb7 Ra2 29. Bc6 Ne5 30. Bb5 Ng6 31. g3 h5 32. Rd1 Be5 33. Bc5+ Kg8 34. Rd7 h4 35.
Rxf7 hxg3 36. hxg3 Ra1 37. Rf5 Rh1+ 38. Kg2 Ra1 39.
Bc4+ Kh7 40. Rh5# 1-0

[Event "*** Titled Tuesday Blitz"]
[Site "Chess.com"]
[Date "2020.05.12"]
[Round "5"]
[White "HouseOfDurin"]
[Black "plumalka"]
[Result "0-1"]
[WhiteElo "2017"]
[BlackElo "2448"]
[TimeControl "180+1"]
[EndTime "10:55:41 PDT"]
[Termination "plumalka won on time"]

1. d4 Nf6 2. Bg5 Ne4 3. h4 c5 4. dxc5 Qa5+ 5. Nd2 h6 6. Bf4 Nxd2 7. Qxd2 Qxc5 8. e4 Nc6 9. Be3 Qe5 10. O-O-O g6 11. f3 Bg7 12. c3 d6 13. Ne2 Qa5 14. Kb1 Be6 15. a3 Bb3 16. Rc1 Ne5 17. Nf4 O-O 18. h5 g5 19. Nh3 Nc4 20. Bxc4 Bxc4 21. Bd4 e5 22. Be3 d5 23. Nxg5 d4 24. cxd4 Qxd2 25. Bxd2 Bd3+ 26. Ka1 hxg5 27. Bxg5 exd4 28. h6 Be5 29. f4 f6 30. Rcd1 fxg5 31. fxe5 Bxe4 32. Rxd4 Bxg2 33. Rg1 Rf1+ 34. Rxf1 Bxf1 35. Rg4 Kh7 36.
Rxg5 Kxh6 37. Rf5 Bd3 38. Rf7 Be4 39. b4 Re8 0-1

[Event "*** Titled Tuesday Blitz"]
[Site "Chess.com"]
[Date "2020.05.12"]
[Round "5"]
[White "Pintacara"]
[Black "Gandrade2"]
[Result "1-0"]
[WhiteElo "2309"]
[BlackElo "2051"]
[TimeControl "180+1"]
[EndTime "10:55:41 PDT"]
[Termination "Pintacara won by checkmate"]

1. d4 d5 2. Bg5 Bf5 3. c3 c6 4. Nd2 Nd7 5. f3 Ngf6 6. Bh4 e6 7. Qb3 Qb6 8. e3 Be7 9. Ne2 h6 10. Bf2 O-O 11. g4 Bh7 12. h4 Qxb3 13. axb3 Ne8 14. e4 dxe4 15. fxe4 Nc7 16. Bg2 a6 17. b4 Rad8 18. Nc4 Nb5 19. Nf4 Nd6 20. Nd2 Nc4 21.
Nxc4 Nf6 22. Nd2 Nxg4 23. Bf3 Nf6 24. e5 Nd7 25. O-O-O Ra8 26. Nb3 Nb6 27. Rdg1 Nc4 28. Be2 Nb6 29. Nh5 Bg6 30. Nf4 Bh7 31. Be3 Rfd8 32.
Nh5 Bg6 33. Nxg7 Kxg7 34. h5 Rh8 35. Bd3 Nd5 36. Bd2 Bg5 37. Bxg5 Bxd3 38. Bf6+ Kh7 39. Rg7# 1-0

[Event "*** Titled Tuesday Blitz"]
[Site "Chess.com"]
[Date "2020.05.12"]
[Round "5"]
[White "Munkhzul_Davaakhuu"]
[Black "javirec"]
[Result "0-1"]
[WhiteElo "1896"]
[BlackElo "2284"]
[TimeControl "180+1"]
[EndTime "10:55:41 PDT"]
[Termination "javirec won on time"]

1. e4 c5 2. Nf3 e6 3. d4 cxd4 4. Nxd4 Nf6 5. Nc3 Nc6 6. Ndb5 Bb4 7. Bf4 Nxe4 8. Qf3 d5 9. Nc7+ Kf8 10. Nxa8 Qa5 11.
Bd2 Nxd2 12. Kxd2 d4 13. Be2 dxc3+ 14. bxc3 Bc5 15. Rhd1 Ke7 16. Ke1 Bd7 17. Rxd7+ Kxd7 18. Qxf7+ Kc8 19. Qxg7 Rf8 20. Rd1 Bxf2+ 21. Kf1 Bc5+ 22. Bf3 Kb8 23. Rb1 Qa6+ 24. Ke1 Kxa8 25. Be2 Bf2+ 26. Kf1 Bc5+ 27. Ke1 b5 28. Bxb5 Qc8 29. Bxc6+ Qxc6 30. Qe5 Bd6 0-1

[Event "*** Titled Tuesday Blitz"]
[Site "Chess.com"]
[Date "2020.05.12"]
[Round "5"]
[White "EfrenRamos1"]
[Black "mariangie523"]
[Result "1-0"]
[WhiteElo "2199"]
[BlackElo "2039"]
[TimeControl "180+1"]
[EndTime "10:55:41 PDT"]
[Termination "EfrenRamos1 won on time"]

1. d4 Nf6 2. c4 c5 3. Nf3 g6 4. Nc3 cxd4 5. Nxd4 d5 6. cxd5 Nxd5 7.
Ndb5 Nxc3 8. Qxd8+ Kxd8 9. bxc3 a6 10. Nd4 e5 11. Nf3 Bg7 12. Be3 Nc6 13. Bb6+ Ke7 14. O-O-O f5 15. e3 Be6 16. Kb2 Rac8 17. Ng5 Nb8 18.
Nxe6 Kxe6 19. Kb3 Nd7 20. Bc4+ Rxc4 21. Kxc4 Nxb6+ 22. Kb3 Rc8 23. Rc1 e4 24. c4 Rd8 25.
Rhd1 Nd7 26. Kb4 Bf8+ 27. Kc3 Bg7+ 28. Kb4 Bf8+ 29. Kb3 Nc5+ 30. Kc3 Bg7+ 31. Kc2 Nd3 32. Rb1 Rd7 33. Rb6+ Ke7 34. f3 Rc7 35. fxe4 fxe4 36. Kb3 Nc5+ 37. Ka3 Nd3 38. Rf1 Rxc4 39. Rxb7+ Ke6 40.
Rxg7 1-0

[Event "*** Titled Tuesday Blitz"]
[Site "Chess.com"]
[Date "2020.05.12"]
[Round "5"]
[White "walkingcreep"]
[Black "amiralfio"]
[Result "1-0"]
[WhiteElo "2668"]
[BlackElo "2465"]
[TimeControl "180+1"]
[EndTime "10:55:42 PDT"]
[Termination "walkingcreep won by resignation"]

1. d4 f5 2. Nc3 Nf6 3. Bg5 Nc6 4. Nf3 d5 5. e3 a6 6. Ne2 Ne4 7. Bh4 g6 8. Nf4 Bg7 9. c4 dxc4 10. Bxc4 Qd6 11. O-O h6 12. Bg3 Nxg3 13. hxg3 b5 14. Bb3 Na5 15. Rc1 Nxb3 16. Qxb3 Bb7 17. Ne6 Bf6 18. Nxc7+ Kf8 19. Nxa8 Bxa8 20. Rc8+ Kg7 21. Rxh8 Kxh8 22. Rc1 Bd5 23. Qa3 Qe6 24. Nd2 f4 25. gxf4 g5 26. fxg5 Bxg5 27. Qc5 Bb7 28. Qe5+ Qxe5 29.
dxe5 Bd5 30. a3 Kg7 31. Rc7 Kf7 32. Ra7 a5 33. Rxa5 Bc6 34. Ra6 Be8 35. f4 Kg7 36.
fxg5 hxg5 37. Kf2 Kf7 38. Ne4 e6 39. Nxg5+ Kg6 40. Nxe6 Kf5 41. Ng7+ Ke4 42. Nxe8 Kd3 43. e6 Kc2 44. Rb6 Kb1 45. Rxb5 Ka2 46. e7 Ka1 47.
Nf6 Ka2 48. a4 Kb1 49. a5 Ka2 50. a6 Kb1 51. b4 Ka2 52. Rc5 Kb1 53. b5 Kb2 54. b6 Ka2 55. b7 Kb2 56. a7 Ka2 1-0

[Event "*** Titled Tuesday Blitz"]
[Site "Chess.com"]
[Date "2020.05.12"]
[Round "5"]
[White "Chesswizard_2007"]
[Black "kasparicy"]
[Result "0-1"]
[WhiteElo "2568"]
[BlackElo "2325"]
[TimeControl "180+1"]
[EndTime "10:55:42 PDT"]
[Termination "kasparicy won by resignation"]

1. d4 Nf6 2. c4 g6 3. f3 e5 4. dxe5 Nh5 5. Nh3 d6 6. Nc3 Nc6 7. exd6 Bxd6 8. Bg5 f6 9. Be3 O-O 10.
Qd5+ Kh8 11. O-O-O Qe7 12. Qd2 Be6 13. Bh6 Rfd8 14.
Nd5 Qf7 15. e4 Ne7 16. Bd3 c6 17. Nxe7 Bxe7 18. Qc2 b5 19. Be2 bxc4 20. g4 Ng7 21. Nf4 c3 22. Qxc3 Bxa2 23. Rxd8+ Rxd8 24. Rd1 Rxd1+ 25. Bxd1 c5 26. b3 c4 27. Kb2 Bxb3 28.
Bxg7+ Kxg7 29. Bxb3 cxb3 30. Nd5 Bd6 31. Qxb3 Bxh2 32.
g5 Be5+ 33. Kc2 fxg5 34. Qe3 Bf4 35. Qd4+ Kh6 36. Nf6 Qc7+ 37. Kd3 Qd6 38. Ng4+ Kh5 39. Nf6+ Kh4 40. Nd5 Qa3+ 41. Kc2 Qa2+ 42. Kd3 Qd2+ 43.
Kc4 Qxd4+ 44. Kxd4 Kg3 45. e5 Bxe5+ 46. Kxe5 Kxf3 0-1